 Dungeon Crawl Stone Soup version 0.31-a0-968-g24f9ace8b5 (webtiles) character file.

Game seed: 4381137316656576578

39 sammy202020 the Trooper (level 3, -1/24 HPs)
             Began as a Gargoyle Berserker on Oct 28, 2023.
             Was a Follower of Trog.
             Slain by a gnoll
             ... wielding a +0 flail
              (8 damage)
             ... on level 2 of the Dungeon.
             The game lasted 00:02:06 (896 turns).

sammy202020 the Trooper (Gargoyle Berserker)         Turns: 896, Time: 00:02:06

Health: -1/24      AC: 13    Str: 20    XL:     3   Next: 45%
Magic:  3/3        EV: 15    Int:  9    God:    Trog [*.....]
Gold:   44         SH:  0    Dex:  9    Spells: 2/2 levels left

rFire   . . .        a - +0 mace
rCold   . . .        (no shield)
rNeg    + . .        g - +0 scale mail
rPois   ∞            (no helmet)
rElec   +            n - +2 cloak
rCorr   .            (no gloves)
SInv    .            (no boots)
Will    .....        (no amulet) Stlth
                     i - +5 ring of evasion
HPRegen 0.24/turn    (no ring)
MPRegen 0.08/turn

%: no passive effects
@: no status effects
A: sickness immunity, AC +3, negative energy resistance 1, electricity
resistance, torment resistance 1, petrification resistance
a: Renounce Religion, Berserk


You were on level 2 of the Dungeon.
You worshipped Trog.
Trog was aware of your devotion.
You visited 1 branch of the dungeon, and saw 2 of its levels.

You collected 44 gold pieces.

Inventory:

Hand Weapons
 a - a +0 mace (weapon)
Missiles
 b - 6 boomerangs
Armour
 g - a +0 scale mail (worn)
 n - a +2 cloak (worn)
Jewellery
 i - a +5 ring of evasion (left hand)
 j - a ring of fire
Scrolls
 f - a scroll of poison {unknown}
 h - a scroll of summoning {unknown}
 k - a scroll of blinking {unknown}
 l - a scroll of teleportation {unknown}
 m - a scroll of enchant armour {unknown}
Potions
 d - a potion of cancellation {unknown}
 e - 2 potions of magic {unknown}


   Skills:
 * Level 3.7 Fighting
 * Level 3.3 Maces & Flails
 * Level 2.9 Armour
 + Level 1.9 Dodging


You had 2 spell levels left.
You didn't know any spells.
Your spell library was empty.

Dungeon Overview and Level Annotations

Branches:
Dungeon (2/15)

Altars:


Innate Abilities, Weirdness & Mutations

You are immune to sickness and miasma.
Your stone body is resilient. (AC +3)
You are immune to poison.
You resist negative energy. (rN+)
You are resistant to electric shocks. (rElec)
You are resistant to unholy torment.
You are immune to petrification.


Message History

You hit the gnoll.
The gnoll is lightly wounded.
The gnoll misses you. The gnoll hits you with a +3 whip!
You hit the gnoll.
The gnoll is heavily wounded.
A bat comes into view.
The gnoll misses you. The gnoll hits you with a +0 flail!
* * * LOW HITPOINT WARNING * * *
The gnoll misses you.
You are too injured to fight recklessly!
You are too injured to fight recklessly!
You are too injured to fight recklessly!
You are too injured to fight recklessly!
You are too injured to fight recklessly!
You are too injured to fight recklessly!
You are too injured to fight recklessly!
You are too injured to fight recklessly!
You are too injured to fight recklessly!
You are too injured to fight recklessly!
You are too injured to fight recklessly!
You are too injured to fight recklessly!
You are too injured to fight recklessly!
You are too injured to fight recklessly!
You are too injured to fight recklessly!
You are too injured to fight recklessly!
You are too injured to fight recklessly!
You are too injured to fight recklessly!
You are too injured to fight recklessly!
You are too injured to fight recklessly!
You are too injured to fight recklessly!
You are too injured to fight recklessly!
Unknown command.
Unknown command.
Unknown command.
The gnoll attacks as it pursues you! The gnoll closely misses you.
The endoplasm jiggles.
The gnoll attacks as it pursues you! The gnoll hits you but does no damage.
There is a stone staircase leading up here.
The gnoll closely misses you. The gnoll hits you with a +0 flail!
You die...

#.... #..)...###. #.#.#
#.##..... .# ##.#.#
####....###.
...##....###...........
........>......#.#####.
.....%.........g.# ..#
#.####†........J.#...#
#....#.........gg....##
#...#.......@.......
#..##†....###.#...##
##. #.#.#.# .#...#
..#..#.#... .. ..#
......#......... .#
.........###..#.##
#.......... #.#.#
......#.. ..


You could see 3 gnolls and an endoplasm.

Vanquished Creatures
  A gnoll (D:2)
  A dart slug (D:2)
  A giant cockroach (D:1)
  5 goblins (D:1)
  5 hobgoblins (D:1)
  2 kobolds (D:1)
  3 quokkas (D:1)
  A ball python (D:2)
  4 bats
  A frilled lizard (D:1)
24 creatures vanquished.

Notes
Turn   | Place    | Note
-------+----------+-------------------------------------------
     0 | D:1      | sammy202020 the Gargoyle Berserker began the quest for the
                  | Orb.
     0 | D:1      | Reached XP level 1. HP: 14/14 MP: 1/1
    70 | D:1      | Reached XP level 2. HP: 19/19 MP: 2/2
   146 | D:1      | Found a faded altar of an unknown god.
   480 | D:1      | Reached XP level 3. HP: 22/24 MP: 3/3
   896 | D:2      | Slain by a gnoll

Illustrated notes

Levels and vault maps discovered:
D:1:      evilmike_arrival_plus, layout_basic,
          shapermc_ecumenical_altar_flowoftime
D:2:      layout_rooms, basic_altar, minmay_puff, uniq_jessica

Action                     || total
---------------------------++-------
  Melee: Mace              ||   112
         Punch             ||     1
 Armour: Animal skin       ||    22
         Scale mail        ||    45
  Dodge: Dodged            ||    78

Table legend: (Time is in decaauts)
 A = Elapsed time spent in this place.
 B = Non-inter-level travel time spent in this place.
 C = Inter-level travel time spent in this place.
 D = Time resting spent in this place.
 E = Time spent auto-exploring this place.
 F = Levels seen in this place.
 G = Mean time per level.
                   A        B        C        D        E       F      G
               +--------+--------+--------+--------+--------+-----+--------+
         Total |    921 |    921 |      0 |      0 |    576 |   2 |  460.5 |
       Dungeon |    921 |    921 |      0 |      0 |    576 |   2 |  460.5 |
               +--------+--------+--------+--------+--------+-----+--------+

Top non-repeatable levels by time:
     D:1: 876 daAuts
     D:2: 45 daAuts
